 Dungeon Crawl Stone Soup version 0.29-a0-359-g541a27f54d (webtiles) character file.

Game seed: 4597159680965685297

509 Essalna the Conjurer (level 6, 0/41 HPs)
             Began as a Demonspawn Conjurer on Apr 28, 2022.
             Killed from afar by Maggie (22 damage)
             ... with a bolt of fire
             ... on level 7 of the Dungeon.
             The game lasted 00:06:23 (3929 turns).

Essalna the Conjurer (Demonspawn Conjurer)          Turns: 3929, Time: 00:06:24

Health: 0/41       AC:  3    Str:  8    XL:     6   Next: 98%
Magic:  0/12       EV: 11    Int: 21    God:
Gold:   138        SH:  4    Dex: 11    Spells: 10/13 levels left

rFire   . . .      SeeInvis .   t - +2 dagger (venom)
rCold   + . .      Faith    .   k - +0 buckler
rNeg    . . .      Spirit   +   a - +0 robe
rPois   .          Reflect  .   u - +0 helmet
rElec   .          Harm     .   (no cloak)
rCorr   .          Rampage  .   (no gloves)
Will    .....                   (no boots)
Stlth   ++........              (no amulet)
HPRegen 0.13/turn               m - ring of protection from cold
MPRegen 0.26/turn               (no ring)

@: mesmerised
A: magic shield, magic regeneration
a: no special abilities


You were on level 7 of the Dungeon.
You visited 1 branch of the dungeon, and saw 6 of its levels.

You collected 138 gold pieces.

Inventory:

Hand Weapons
 j - a +0 short sword
 t - a +2 dagger of venom (weapon)
Armour
 a - a +0 robe (worn)
 k - a +0 buckler (worn)
 u - a +0 helmet (worn)
Jewellery
 m - a ring of protection from cold (left hand)
Wands
 x - a wand of mindburst (8)
Scrolls
 d - a scroll of enchant armour {unknown}
 e - 2 scrolls of amnesia {unknown}
 f - 4 scrolls of identify {unknown}
 g - 2 scrolls of immolation {unknown}
 h - 2 scrolls of vulnerability {unknown}
 i - 4 scrolls of teleportation {unknown}
 l - a scroll of holy word {unknown}
 r - a scroll of torment {unknown}
 s - a scroll of magic mapping {unknown}
Potions
 b - 2 potions of magic
 c - a potion of flight {unknown}
 n - 2 potions of might {unknown}
 o - a potion of lignification {unknown}
 p - a potion of invisibility {unknown}
 q - a potion of attraction {unknown}
 v - a potion of cancellation {unknown}
 w - a potion of haste {unknown}


   Skills:
 - Level 1.7 Dodging
 - Level 1.7 Stealth
 + Level 3.4 Shields
 + Level 4.4 Spellcasting
 + Level 5.9 Conjurations


You had 10 spell levels left.
You knew the following spells:

 Your Spells              Type           Power      Damage    Failure   Level
a - Magic Dart            Conj           100%       1d8       1%          1
b - Searing Ray           Conj           58%        2d6       1%          2

Your spell library contained the following spells:

 Spells                   Type           Power      Damage    Failure   Level
 Dazzling Flash           Conj/Hex       34%        N/A       14%         3
 Blink                    Tloc           8%         N/A       22%         2
 Corpse Rot               Necr/Air       8%         N/A       22%         2
 Fulminant Prism          Conj/Hex       8%         3d7       41%         4
 Iskenderun's Mystic Bla  Conj/Tloc      17%        2d5       41%         4
 Dispel Undead            Necr           4%         3d7       83%         4
 Manifold Assault         Tloc           4%         N/A       99%         5
 Death Channel            Necr           2%         N/A       100%        6
 Storm Form               Tmut/Air       2%         N/A       100%        7


Dungeon Overview and Level Annotations

Branches:
Dungeon (5/15)
 Temple: D:4-7

Altars:

Annotations:
D:7 Maggie


Innate Abilities, Weirdness & Mutations

When hurt, damage is shared between your health and your magic reserves.
You regenerate magic rapidly.


Message History

The bolt of fire misses you.
The searing ray hits Maggie but does no damage.
Maggie is heavily wounded.
Maggie hits you with a +2 long sword of distortion!
You blink.
Found 2 scrolls labelled INNATR SAORIMP.
Casting: Searing Ray (safe; 1% risk of failure)
Confirm with . or Enter, or press ? or * to list all spells.
Aiming: Magic Dart (safe; 1% risk of failure)
Press: ? - help, Shift-Dir - straight line, f/p - Maggie
Aim: Maggie, wielding a +2 long sword of distortion and wearing +0 swamp dragon scales (heavily wounded, mesmerising, 100% to hit)
The magic dart hits Maggie but does no damage.
Maggie is heavily wounded.
Casting: Magic Dart (safe; 1% risk of failure)
Confirm with . or Enter, or press ? or * to list all spells.
Aiming: Magic Dart (safe; 1% risk of failure)
Press: ? - help, Shift-Dir - straight line, f/p - Maggie
Aim: Maggie, wielding a +2 long sword of distortion and wearing +0 swamp dragon scales (heavily wounded, mesmerising, 100% to hit)
The magic dart hits Maggie but does no damage.
Maggie is heavily wounded.
Maggie closely misses you.
You hit Maggie.
Maggie is poisoned.
Maggie is heavily wounded.
Maggie closely misses you.
You barely miss Maggie.
Maggie is heavily wounded.
Maggie barely misses you.
You hit Maggie but do no damage.
Maggie is severely wounded.
Maggie barely misses you.
You completely miss Maggie.
Maggie is severely wounded.
Maggie hits you with a +2 long sword of distortion.
Space warps around you.
You hit Maggie.
Maggie is severely wounded.
Maggie casts a spell at you. The bolt of fire hits you!!
Ouch! That really hurt!
You die...

..# #.# #.#
#.# #########
#.#
#.....#.###.#
#.......#
#...#.#####
#.# #..@@.# #
#?......#
.....#####
.....# (#...#
[.....#
.....#.#


You could see Maggie (mesmerising, very poisoned).

Vanquished Creatures
  Grinder (D:3)
  2 scorpions (D:4)
  A hound (D:4)
  Terence (D:3)
  Jessica (D:3)
  Robin (D:3)
  An adder (D:3)
  2 worms (D:3)
  A dart slug (D:1)
  7 orcs
  7 endoplasms
  4 giant cockroaches
  14 goblins
  5 hobgoblins
  2 quokkas
  4 ball pythons
  2 bats (D:3)
  A frilled lizard (D:2)
  6 kobolds
  6 rats
69 creatures vanquished.

Notes
Turn   | Place    | Note
-------+----------+-------------------------------------------
     0 | D:1      | Essalna the Demonspawn Conjurer began the quest for the
                  | Orb.
     0 | D:1      | Reached XP level 1. HP: 13/13 MP: 3/3
   441 | D:1      | Gained mutation: You regenerate magic rapidly. [demonic
                  | ancestry]
   441 | D:1      | Reached XP level 2. HP: 19/19 MP: 5/5
  1242 | D:2      | Found a faded altar of an unknown god.
  1861 | D:3      | Gained mutation: When hurt, damage is shared between your
                  | health and your magic reserves. [demonic ancestry]
  1861 | D:3      | Reached XP level 3. HP: 24/24 MP: 3/6
  2009 | D:2      | Learned a level 2 spell: Searing Ray
  2022 | D:3      | Reached skill level 1 in Shields
  2069 | D:3      | Identified the +1 ring mail of the Blessed Realm {Rampage
                  | +Blink}
  2140 | D:3      | Noticed Jessica
  2149 | D:3      | Killed Jessica
  2150 | D:3      | Reached XP level 4. HP: 30/30 MP: 2/8
  2189 | D:3      | Noticed Robin
  2231 | D:3      | Killed Robin
  2739 | D:3      | Noticed Terence
  2747 | D:3      | Killed Terence
  2748 | D:3      | Reached XP level 5. HP: 28/35 MP: 1/9
  2770 | D:3      | Reached skill level 5 in Conjurations
  2871 | D:3      | Noticed Grinder
  2881 | D:3      | Killed Grinder
  2882 | D:3      | Reached XP level 6. HP: 22/41 MP: 1/12
  3897 | D:5      | Entered Level 5 of the Dungeon
  3904 | D:5      | You fall into a shaft and drop 2 floors!
  3911 | D:7      | Noticed Maggie
  3929 | D:7      | Killed from afar by Maggie

Illustrated notes

Levels and vault maps discovered:
D:1:      co_arrival_square_in_a_square_in_a_square, layout_loops_ring,
          minmay_liquid_box, serial_bayou_crossing
D:2:      layout_basic, serial_corexii_hall, corexii_hall_statues_s,
          corexii_hall_statues_s, chequers_hall_statues_wall_a,
          corexii_hall_statues_x, chequers_hall_statues_corner_a,
          chequers_hall_statues_wall_a, ebering_ecumenical_altar_ruins,
          minmay_heptomino_l4
D:3:      layout_loops_ring, uniq_terence, uniq_grinder, uniq_jessica,
          uniq_robin
D:4:      layout_loops_ring
D:5:      layout_loops_ring
D:7:      layout_basic, cheibrodos_ashenzari_chains, minmay_misc_feat_doors,
          nicolae_island_escapes, uniq_menkaure, uniq_pikel, uniq_maggie,
          uniq_joseph

Skill      XL: |  1  2  3  4  5  6 |
---------------+-------------------+-----
Shields        | 1 2 3 |  3.4
Spellcasting   | 3 4 |  4.4
Conjurations   | 5 |  5.9
Dodging        | |  1.7
Stealth        | |  1.7

Action                   |  1- 3 |  4- 6 || total
-------------------------+-------+-------++-------
Melee: Short sword       |     3 |       ||     3
       Dagger            |       |    29 ||    29
 Cast: Magic Dart        |    73 |    52 ||   125
       Searing Ray       |       |     8 ||     8
 Stab: Sleeping          |     1 |       ||     1
Armor: Robe              |     1 |     6 ||     7
Dodge: Dodged            |     8 |    24 ||    32
Block: Buckler           |     1 |     5 ||     6

Table legend: (Time is in decaauts)
 A = Elapsed time spent in this place.
 B = Non-inter-level travel time spent in this place.
 C = Inter-level travel time spent in this place.
 D = Time resting spent in this place.
 E = Time spent auto-exploring this place.
 F = Levels seen in this place.
 G = Mean time per level.
                   A        B        C        D        E       F      G
               +--------+--------+--------+--------+--------+-----+--------+
         Total |   3941 |   3846 |     95 |     39 |   3394 |   6 |  656.8 |
       Dungeon |   3941 |   3846 |     95 |     39 |   3394 |   6 |  656.8 |
               +--------+--------+--------+--------+--------+-----+--------+

Top non-repeatable levels by time:
     D:3: 1234 daAuts
     D:2: 1055 daAuts
     D:1: 861 daAuts
     D:4: 757 daAuts
     D:7: 25 daAuts
     D:5: 6 daAuts
